 Dungeon Crawl Stone Soup version 0.30-a0-374-g95c0257040 (webtiles) character file.

Game seed: 4766876710638938440

365 McGhostyFace the Conjurer (level 6, 0/47 HPs)
             Began as a Gnoll Wanderer on Nov 25, 2022.
             Slain by Sigmund
             ... wielding a +0 scythe
              (4 damage)
             ... on level 4 of the Dungeon.
             The game lasted 00:10:56 (4112 turns).

McGhostyFace the Conjurer (Gnoll Wanderer)          Turns: 4112, Time: 00:10:57

Health: 0/47       AC:  5    Str: 12    XL:     6   Next: 68%
Magic:  13/20      EV: 11    Int: 12    God:
Gold:   131        SH:  0    Dex: 12    Spells: 11/12 levels left

rFire   . . .      SeeInvis .    a - +0 sling
rCold   + . .      Faith    .    (no shield)
rNeg    . . .      Spirit   .    p - +0 leather armour
rPois   .          Reflect  .    s - +1 helmet
rElec   .          Harm     .    (no cloak)
rCorr   .          Rampage  .    (no gloves)
Will    +....                    (no boots)
Stlth   ++........               (no amulet)
HPRegen 0.27/turn                h - ring of magical power
MPRegen 0.17/turn                (no ring)

@: no status effects
A: fangs 1, strong nose, distributed training, cold resistance 1, strong-willed
1
a: no special abilities


You were on level 4 of the Dungeon.
You visited 2 branches of the dungeon, and saw 5 of its levels.

You collected 131 gold pieces.

Inventory:

Hand Weapons
 a - a +0 sling (weapon)
 r - a +2 dagger of pain
Missiles
 g - 5 poisoned darts
Armour
 p - a +0 leather armour (worn)
 s - a +1 helmet (worn)
Jewellery
 h - a ring of magical power (left hand)
Scrolls
 f - 3 scrolls of poison
 i - a scroll of noise
Potions
 m - a potion of cancellation
 o - 2 potions of brilliance


   Skills:
 + Level 3.4 Fighting
 + Level 2.1 Short Blades
 + Level 2.1 Long Blades
 + Level 2.1 Axes
 + Level 2.1 Maces & Flails
 + Level 2.1 Polearms
 + Level 2.1 Staves
 + Level 5.1 Ranged Weapons
 + Level 2.1 Throwing
 + Level 5.1 Armour
 + Level 2.1 Dodging
 + Level 3.2 Stealth
 + Level 2.1 Shields
 + Level 2.1 Unarmed Combat
 + Level 3.5 Spellcasting
 + Level 5.7 Conjurations
 + Level 1.7 Hexes
 + Level 1.7 Summonings
 + Level 1.7 Necromancy
 + Level 1.7 Translocations
 + Level 1.7 Transmutations
 + Level 1.7 Fire Magic
 + Level 1.7 Ice Magic
 + Level 1.7 Air Magic
 + Level 1.7 Earth Magic
 + Level 1.7 Poison Magic
 + Level 2.4 Invocations
 + Level 2.1 Evocations


You had 11 spell levels left.
You knew the following spells:

 Your Spells              Type           Power      Damage    Failure   Level
a - Magic Dart            Conj           60%        1d6       2%          1

Your spell library contained the following spells:

 Spells                   Type           Power      Damage    Failure   Level
 Apportation              Tloc           12%        N/A       14%         1
 Stone Arrow              Conj/Erth      22%        3d8       19%         3
 Call Imp                 Summ           6%         N/A       22%         2
 Mephitic Cloud           Conj/Pois/Air  9%         N/A       26%         3
 Ignite Poison            Fire/Tmut/Pois 6%         N/A       41%         3
 Portal Projectile        Hex/Tloc       12%        N/A       41%         3
 Iskenderun's Mystic Bla  Conj/Tloc      11%        2d4       54%         4
 Alistair's Intoxication  Tmut/Pois      4%         N/A       99%         5
 Dispersal                Tloc           3%         N/A       100%        6


Dungeon Overview and Level Annotations

Branches:
Dungeon (4/15)             Temple (1/1) D:4

Altars:
Cheibriados
Fedhas
Gozag
Hepliaklqana
Sif Muna
Trog
Vehumet
Wu Jian
Yredelemnul
Zin

Annotations:
D:3 3 runed translucent doors, Darkkill's ghost, amateur MiHu
D:4 Sigmund


Innate Abilities, Weirdness & Mutations

You have very sharp teeth.
Your uncanny sense of smell can sniff out nearby items.
Your experience applies equally to all skills.
Your flesh is cold resistant. (rC+)
You are strong-willed. (Will+)


Message History

Confirm with . or Enter, or press ? or * to list all spells.
You can't see any susceptible monsters within range! (Use Z to cast anyway.)
You feel better.
You feel better. Something hits you but does no damage.
A magic dart appears from out of thin air!
The magic dart hits you!
* * * LOW HITPOINT WARNING * * *
Casting: Magic Dart (safe; 2% risk of failure)
Confirm with . or Enter, or press ? or * to list all spells.
You can't see any susceptible monsters within range! (Use Z to cast anyway.)
Casting: Magic Dart (safe; 2% risk of failure)
Confirm with . or Enter, or press ? or * to list all spells.
Aiming: Magic Dart (safe; 2% risk of failure)
Press: ? - help, Shift-Dir - straight line The magic dart hits something but does no damage.
A magic dart appears from out of thin air!
The magic dart hits you.
* * * LOW HITPOINT WARNING * * *
Casting: Magic Dart (safe; 2% risk of failure)
Confirm with . or Enter, or press ? or * to list all spells.
Aiming: Magic Dart (safe; 2% risk of failure)
Press: ? - help, Shift-Dir - straight line The magic dart hits something.
Casting: Magic Dart (safe; 2% risk of failure)
Confirm with . or Enter, or press ? or * to list all spells.
Aiming: Magic Dart (safe; 2% risk of failure)
Press: ? - help, Shift-Dir - straight line, f - you That beam is likely to hit you.
Continue anyway? [Y]es or [N]o only, please.
That beam is likely to hit you.
Continue anyway? [Y]es or [N]o only, please.
That beam is likely to hit you.
Continue anyway?
Okay, then.
Unknown command.
Casting: Magic Dart (safe; 2% risk of failure)
Confirm with . or Enter, or press ? or * to list all spells.
Aiming: Magic Dart (safe; 2% risk of failure)
Press: ? - help, Shift-Dir - straight line The magic dart hits something.
Something hits you.
You die...

################
###############..............#
............)...@.........<..####
.########.....................)..
?# #..#####.########...##### M#
#..# #.# #...# .# #..# #.# #...#
.. ...# #.# #...# .# #...# #.#
#...# .# ###.# #.# #!..# .# .....


There were no monsters in sight!

Vanquished Creatures
  Menkaure (D:4)
  A necrophage (D:3)
  An iguana (D:2)
  Robin (D:3)
  4 gnolls (D:3)
  2 adders (D:2)
  4 dart slugs
  7 endoplasms
  2 giant cockroaches
  15 goblins
  13 hobgoblins
  6 jackals (D:2)
  2 quokkas
  4 ball pythons
  5 bats
  4 frilled lizards (D:1)
  9 kobolds
  4 rats
85 creatures vanquished.

Notes
Turn   | Place    | Note
-------+----------+-------------------------------------------
     0 | D:1      | McGhostyFace the Gnoll Wanderer began the quest for the
                  | Orb.
     0 | D:1      | McGhostyFace set off with the following items: a +0 sling,
                  | a +0 scale mail, a potion of heal wounds; and the following
                  | spell memorised: Magic Dart; and the following spells
                  | available to memorise: Stone Arrow, Iskenderun's Mystic
                  | Blast.
     0 | D:1      | Reached XP level 1. HP: 17/17 MP: 4/4
   174 | D:1      | Reached XP level 2. HP: 23/23 MP: 5/5
   444 | D:1      | Reached XP level 3. HP: 28/28 MP: 7/7
  1025 | D:1      | Reached skill level 1 in Invocations
  1324 | D:2      | Found a faded altar of an unknown god.
  1370 | D:2      | Reached skill level 1 in Short Blades
  1370 | D:2      | Reached skill level 1 in Long Blades
  1370 | D:2      | Reached skill level 1 in Axes
  1370 | D:2      | Reached skill level 1 in Maces & Flails
  1370 | D:2      | Reached skill level 1 in Polearms
  1370 | D:2      | Reached skill level 1 in Staves
  1370 | D:2      | Reached skill level 1 in Throwing
  1370 | D:2      | Reached skill level 1 in Dodging
  1370 | D:2      | Reached skill level 1 in Shields
  1370 | D:2      | Reached skill level 1 in Unarmed Combat
  1370 | D:2      | Reached skill level 1 in Evocations
  1400 | D:2      | Got Rathado's Tractate on Quantum Envenoming
  1679 | D:2      | Reached XP level 4. HP: 34/34 MP: 8/8
  2149 | D:2      | Reached skill level 1 in Hexes
  2149 | D:2      | Reached skill level 1 in Summonings
  2149 | D:2      | Reached skill level 1 in Necromancy
  2149 | D:2      | Reached skill level 1 in Translocations
  2149 | D:2      | Reached skill level 1 in Transmutations
  2149 | D:2      | Reached skill level 1 in Fire Magic
  2149 | D:2      | Reached skill level 1 in Ice Magic
  2149 | D:2      | Reached skill level 1 in Air Magic
  2149 | D:2      | Reached skill level 1 in Earth Magic
  2149 | D:2      | Reached skill level 1 in Poison Magic
  2713 | D:3      | Reached XP level 5. HP: 34/40 MP: 8/9
  3406 | D:3      | Reached XP level 6. HP: 44/47 MP: 11/11
  3418 | D:3      | Noticed Robin
  3436 | D:3      | Killed Robin
  3753 | D:3      | Noticed Darkkill's ghost (amateur MiHu)
  3755 | D:3      | Found a runed translucent gate.
  3755 | D:3      | Found a runed translucent gate.
  3757 | D:3      | Found a runed translucent gate.
  3949 | D:4      | Found a staircase to the Ecumenical Temple.
  3959 | Temple   | Entered the Ecumenical Temple
  4028 | D:4      | Gained mutation: You are strong-willed. (Will+) [potion of
                  | mutation]
  4028 | D:4      | Gained mutation: Your flesh is cold resistant. (rC+)
                  | [potion of mutation]
  4043 | D:4      | Noticed Menkaure
  4063 | D:4      | Noticed Sigmund
  4080 | D:4      | Killed Menkaure
  4081 | D:4      | Reached skill level 5 in Ranged Weapons
  4081 | D:4      | Reached skill level 5 in Armour
  4102 | D:4      | HP: 2/47 [something (8)]
  4112 | D:4      | Slain by Sigmund

Illustrated notes

Levels and vault maps discovered:
D:1:      dpeg_arrival_tiny_i, layout_basic
D:2:      wander_river, layout_basic, hellmonk_ecumenical_altar_run_dry
D:3:      layout_basic, gammafunk_ghost_nasty_kobolds, uniq_robin
D:4:      layout_loops_ring, minmay_temple_entry_poolview,
          lightli_sewer_entry_pipes, hellmonk_ghost_happy_afterlife,
          hangedman_decor_growths, nicolae_shop_self_help, uniq_menkaure,
          uniq_grinder, uniq_eustachio, uniq_sigmund
Temple:   hellmonk_temple_rainy

Skill      XL: |  1  2  3  4  5  6 |
---------------+-------------------+-----
Invocations    | 1 2 |  2.4
Short Blades   | 1 2 |  2.1
Long Blades    | 1 2 |  2.1
Axes           | 1 2 |  2.1
Maces & Flails | 1 2 |  2.1
Polearms       | 1 2 |  2.1
Staves         | 1 2 |  2.1
Throwing       | 1 2 |  2.1
Dodging        | 1 2 |  2.1
Shields        | 1 2 |  2.1
Unarmed Combat | 1 2 |  2.1
Evocations     | 1 2 |  2.1
Spellcasting   | 3 |  3.5
Hexes          | 1 |  1.7
Summonings     | 1 |  1.7
Necromancy     | 1 |  1.7
Translocations | 1 |  1.7
Transmutations | 1 |  1.7
Fire Magic     | 1 |  1.7
Ice Magic      | 1 |  1.7
Air Magic      | 1 |  1.7
Earth Magic    | 1 |  1.7
Poison Magic   | 1 |  1.7
Fighting       | 3 |  3.4
Stealth        | 3 |  3.2
Ranged Weapons | 5 |  5.1
Armour         | 5 |  5.1
Conjurations   | |  5.7

Action                   |  1- 3 |  4- 6 || total
-------------------------+-------+-------++-------
 Fire: Sling             |   152 |    54 ||   206
Throw: Dart              |     5 |       ||     5
 Cast: Magic Dart        |    20 |   118 ||   138
  Use: Potion            |     2 |     6 ||     8
       Scroll            |       |    12 ||    12
Armor: Scale mail        |    78 |    22 ||   100
       Leather armour    |       |    10 ||    10
       Skin              |       |     9 ||     9
Dodge: Dodged            |    78 |    47 ||   125

Table legend: (Time is in decaauts)
 A = Elapsed time spent in this place.
 B = Non-inter-level travel time spent in this place.
 C = Inter-level travel time spent in this place.
 D = Time resting spent in this place.
 E = Time spent auto-exploring this place.
 F = Levels seen in this place.
 G = Mean time per level.
                   A        B        C        D        E       F      G
               +--------+--------+--------+--------+--------+-----+--------+
         Total |   4195 |   3985 |    210 |   1128 |   2085 |   5 |  839.0 |
       Dungeon |   4175 |   3965 |    210 |   1128 |   2085 |   4 | 1043.8 |
        Temple |     19 |     19 |      0 |      0 |      0 |   1 |   19.0 |
               +--------+--------+--------+--------+--------+-----+--------+

Top non-repeatable levels by time:
     D:2: 1450 daAuts
     D:1: 1445 daAuts
     D:3: 1026 daAuts
     D:4: 253 daAuts
  Temple: 19 daAuts
